 Dungeon Crawl Stone Soup version 0.23.2-33-g5129a83184 (webtiles) character file.

Game seed: 17425570757970286017

539 H0rd4k the Charlatan (level 7, -9/51 HPs)
             Began as a Human Artificer on July 23, 2019.
             Mangled by an iguana (14 damage)
             ... on level 4 of the Dungeon.
             The game lasted 00:06:31 (5133 turns).

H0rd4k the Charlatan (Human Artificer)              Turns: 5133, Time: 00:06:31

Health: -9/51      AC:  3    Str: 14    XL:     7   Next: 51%
Magic:  10/10      EV: 13    Int: 11    God:
Gold:   139        SH:  0    Dex: 14    Spells: 6/6 levels left

rFire    . . .     SeeInvis .   C - +0 falchion
rCold    . . .     Gourm    .   (no shield)
rNeg     . . .     Faith    .   b - +0 leather armour
rPois    .         Spirit   .   (no helmet)
rElec    .         Reflect  .   (no cloak)
rCorr    .         Harm     .   (no gloves)
MR       .....                  (no boots)
Stlth    ++........             (no amulet)
HPRegen  0.17/turn              (no ring)
MPRegen  0.12/turn              (no ring)

@: no status effects
A: no striking features
a: no special abilities


You were on level 4 of the Dungeon.
You were not hungry.

You visited 1 branch of the dungeon, and saw 4 of its levels.

You collected 139 gold pieces.

Inventory:

Hand Weapons
 a - a +0 short sword
 A - a +0 dagger of protection
 C - a +0 falchion (weapon)
Missiles
 h - 4 javelins (quivered)
 v - 7 exploding tomahawks
 x - 7 needles of confusion
Armour
 b - a +0 leather armour (worn)
Jewellery
 p - a +4 amulet of reflection {unknown}
 q - a +2 ring of dexterity {unknown}
 r - an uncursed ring of protection from cold
 w - a cursed amulet of inaccuracy {unknown}
Wands
 c - a wand of flame (16)
 d - a wand of enslavement (14)
 e - a wand of random effects (15)
 y - a wand of iceblast (2)
Scrolls
 i - a scroll of identify {unknown}
 l - 3 scrolls of teleportation {unknown}
 n - 4 scrolls of remove curse {unknown}
 o - a scroll of enchant weapon {unknown}
 s - a scroll of blinking {unknown}
 u - a scroll of magic mapping {unknown}
Potions
 g - a potion of degeneration {unknown}
 j - a potion of might {unknown}
 k - 2 potions of curing {unknown}
 m - a potion of heal wounds {unknown}
 t - a potion of agility {unknown}
 z - a potion of flight {unknown}
 B - a potion of magic {unknown}
Comestibles
 f - 3 rations
 D - 2 chunks of flesh


   Skills:
 + Level 2.8 Fighting
 + Level 3.3(3.6) Short Blades
 + Level 1.9(2.9) Long Blades
 * Level 2.2 Throwing
 + Level 2.4 Armour
 + Level 3.1 Dodging
 + Level 1.9 Stealth
 + Level 4.1 Evocations


You had 6 spell levels left.
You didn't know any spells.
Your spell library was empty.

Dungeon Overview and Level Annotations

Branches:
Dungeon (4/15)
 Temple: D:4-7

Altars:
Vehumet
The Shining One

Annotations:
D:2 exclusion: downstairs


Message History

The iguana bites you!
An iguana is nearby!
You hit the iguana.
The iguana is lightly wounded.
The iguana bites you!
You barely miss the iguana.
The iguana is lightly wounded.
The iguana bites you!
* * * LOW HITPOINT WARNING * * *
You hit the iguana.
The iguana is moderately wounded.
The iguana bites you.
* * * LOW HITPOINT WARNING * * *
The iguana hisses menacingly.
Evoke which item? (* to show all) (? for menu, Esc to quit)
Aiming: Enslavement
Press: ? - help, Shift-Dir - straight line, f - iguana
Aim: an iguana (moderately wounded, chance to defeat MR: 67%)
The iguana struggles to resist.
The iguana bites you!
You die...

#......## ##.......#
#### #.........
###..######.........
##.........).........
##.....#######........
#......## #........
#.......# ##.......
#....@).# ##......
#....l..## ##.....
#.%......# ##....
#........# ##...
#.[......# #...
##.......# ....
##....### .... ######
###


You could see an iguana.

Vanquished Creatures
  An ogre (D:4)
  2 scorpions
  3 orc priests
  A bullfrog skeleton (D:4)
  A centaur skeleton (D:4)
  Ijyb (D:4)
  7 adders
  An ooze (D:1)
  An adder skeleton (D:4)
  2 worms
  2 dart slugs
  3 leopard geckos
  10 orcs
  A ball python (D:2)
  13 bats
  6 giant cockroaches
  7 goblins
  6 hobgoblins
  16 jackals
  2 quokkas
  3 frilled lizards (D:1)
  2 jackal skeletons (D:4)
  5 kobolds
  8 rats
104 creatures vanquished.

Notes
Turn   | Place    | Note
-------+----------+-------------------------------------------
     0 | D:1      | H0rd4k the Human Artificer began the quest for the Orb.
     0 | D:1      | Reached XP level 1. HP: 15/15 MP: 3/3
    59 | D:1      | Reached XP level 2. HP: 7/21 MP: 4/4
   592 | D:1      | Reached XP level 3. HP: 15/26 MP: 5/5
  1205 | D:2      | Reached XP level 4. HP: 27/32 MP: 6/6
  1309 | D:2      | Reached skill level 1 in Armour
  2037 | D:2      | Reached XP level 5. HP: 38/38 MP: 7/7
  2386 | D:2      | Found a glowing golden altar of the Shining One.
  2792 | D:3      | Found a radiant altar of Vehumet.
  2837 | D:3      | Found a faded altar of an unknown god.
  4025 | D:3      | Reached skill level 1 in Throwing
  4025 | D:3      | Reached XP level 6. HP: 36/44 MP: 8/8
  4688 | D:4      | Noticed Ijyb
  4692 | D:4      | Killed Ijyb
  4692 | D:4      | Reached XP level 7. HP: 51/51 MP: 9/9
  4711 | D:4      | Reached skill level 1 in Long Blades
  4711 | D:4      | Reached skill level 4 in Evocations
  5133 | D:4      | Mangled by an iguana

Skill      XL: |  1  2  3  4  5  6  7 |
---------------+----------------------+-----
Short Blades   | 2 3 |  3.3
Armour         | 1 2 |  2.4
Fighting       | 2 |  2.8
Throwing       | 1 2 |  2.2
Dodging        | 3 |  3.1
Long Blades    | 1 |  1.9
Evocations     | 4 |  4.1
Stealth        | |  1.9

Action                   |  1- 3 |  4- 6 |  7- 9 || total
-------------------------+-------+-------+-------++-------
Melee: Short sword       |   145 |   162 |       ||   307
       Dagger            |       |    43 |       ||    43
       Hand axe          |       |     9 |       ||     9
       Falchion          |       |    26 |    54 ||    80
Evoke: Wand              |       |    15 |     4 ||    19
 Stab: Sleeping          |     1 |     1 |     1 ||     3
  Eat: Chunk             |     1 |    11 |     2 ||    14
Armor: Leather armour    |    40 |    58 |     7 ||   105
Dodge: Dodged            |   120 |   150 |    37 ||   307
       Rpst.: Falchion   |       |     5 |     9 ||    14
